[Event "E Women's Grand Prix | Fourth Leg 2022/23"]
[Site "Chess.com"]
[Date "2023.05.21"]
[Round "6"]
[White "Dzagnidze, Nana"]
[Black "Kosteniuk, Alexandra"]
[Result "0-1"]
[WhiteElo "2513"]
[BlackElo "2535"]
[ECO "D38"]
[EventDate "2023.??.??"]
[Annotator "rafael"]
[PlyCount "68"]
[Beauty "8043802661898"]
[EventType "swiss"]
[EventRounds "11"]
[EventCountry "FID"]
[TimeControl "5400+30"]

1.Nf3 d5 2.d4 Nf6 3.c4 e6 4.Nc3 Bb4 {The Ragozin Defense has taken the place of the Queen's Indian as the top repertoire choice for anyone looking for a variation to match the Nimzo-Indian.} 5.cxd5 exd5 6.Bf4 {One of White's many options against the Ragozin.} 6...Ne4 7.Rc1 Nc6 8.g3 {A rare move, with only a few games in the database.} ( 8.Nd2 {is the main try.} ) 8...Bf5 $1 {[%c_effect f5;square;f5;type;GreatFind;persistent;true] The most accurate reply, threatening to win the exchange.} 9.Qa4 ( 9.Bg2 Nxc3 10.bxc3 Ba3 {wins the exchange.} ) ( 9.Qb3 a5 {gave Black a good position in Bu-Hou, Shenzhen 2022.} ) 9...Qe7 {A difficult decision as this allows White's knight to go to e5.} ( 9...O-O {is possible:} 10.Bg2 a6 $5 ( 10...Qe7 $6 {[%c_effect e7;square;e7;type;Inaccuracy;persistent;true] was played in Khademalsharieh-Serarols Mabras, Gibraltar 2017.} ) 11.O-O Bxc3 12.bxc3 b5 {with a good position.} ) 10.Ne5 O-O 11.Nxc6 bxc6 12.Bg2 Nxc3 ( 12...c5 $5 {[%c_effect c5;square;c5;type;Interesting;persistent;true] leads to a double-edged position after} 13.O-O Bxc3 14.bxc3 g5 $1 15.Be3 c4 ) 13.bxc3 Ba3 14.Rd1 Bd6 $1 15.Bxd6 ( 15.Qxc6 $2 {[%c_effect c6;square;c6;type;Mistake;persistent;true] Accepting the pawn leads to a dangerous position for White after:} 15...Bxf4 16.gxf4 Rfe8 17.e3 Rad8 {Black will play 18...Rd6, and White's king is in danger.} ) 15...Qxd6 16.O-O {At first sight, it seems White should be better with a more compact pawn structure, but this is compensated by Black's control of the b-file. The bishop on f5 plays a very important role, taking the b1-square away from White's rook.} 16...Rfb8 17.Rd2 Rb6 $1 {[%c_effect b6;square;b6;type;GreatFind;persistent;true] Black prepares to double rooks on the important open file.} 18.Rc1 a5 19.h4 $6 {[%c_effect h4;square;h4;type;Inaccuracy;persistent;true] At this point it's impossible to foresee how important the h-file is going to be in this game, but considering what will happen maybe White should play the pawn to h3 and not to h4. For instance:} ( 19.e3 h6 20.h3 {It's not easy for Black to exploit the b-file, and there's no clear plan to improve the position. The game is more or less equal.} ) 19...h6 20.e3 g5 $1 {[%c_effect g5;square;g5;type;GreatFind;persistent;true] A very nice move, opening the h-file and gaining a clear plan of action.} 21.hxg5 hxg5 {White cannot wait any more, as Black is ready to play Rg7-Rh8-Qh6 and start an attack on the h-file.} 22.Qd1 $6 ( 22.c4 $1 {[%c_effect c4;square;c4;type;GreatFind;persistent;true] is more accurate.} 22...Rb4 23.Qd1 g4 $1 ( 23...Rxc4 24.Rxc4 dxc4 25.e4 {with chances for both sides.} ) 24.cxd5 cxd5 {Black's position is more pleasant, but the game has opened and White is not without counterplay.} ) 22...Qa3 23.c4 Rab8 $1 {[%c_effect b8;square;b8;type;GreatFind;persistent;true] The rook is ready to go to b1.} 24.Kh2 ( 24.cxd5 $2 Rb1 {wins material.} ) 24...g4 $1 {[%c_effect g4;square;g4;type;GreatFind;persistent;true] Restraining the white queen.} ( 24...Rb1 $6 25.Rxb1 Rxb1 26.Qh5 ) 25.Qf1 ( 25.cxd5 $2 Rb1 26.Rxb1 Rxb1 27.Qe2 Qc1 {with a mating attack.} ) 25...Rb1 26.Rdd1 ( 26.Rcd1 {is possible but doesn't change the evaluation:} 26...Rxd1 27.Rxd1 ( 27.Qxd1 Rb1 28.Qe2 Qc1 {wins.} ) 27...Qxa2 28.cxd5 cxd5 29.Ra1 Qd2 30.Rd1 Qb2 31.Bxd5 a4 {The a-pawn is very dangerous.} ) 26...Rxc1 27.Rxc1 Rb2 $1 {[%c_effect b2;square;b2;type;GreatFind;persistent;true] Even better than 27...Qxa2.} 28.cxd5 cxd5 29.Qe1 $6 ( 29.Bxd5 {gives better chances to escape, but the position is also lost after} 29...Qxe3 30.Kg1 Qxd4 ( 30...Rxf2 {is less accurate:} 31.Qxf2 Qxc1+ 32.Kg2 {with some drawing chances.} ) ) 29...Qxa2 30.Ra1 Qc4 31.Rxa5 $6 {[%c_effect a5;square;a5;type;Inaccuracy;persistent;true] This loses in elegant fashion.} ( 31.Qxa5 {is also bad:} 31...Rxf2 ) ( 31.e4 $1 {[%c_effect e4;square;e4;type;GreatFind;persistent;true] is the best practical chance. Kosteniuk would have to find the only winning move:} 31...Bg6 $1 ( 31...dxe4 $2 32.Qxa5 {White gets counterplay.} ) ( 31...Bxe4 {is also not good:} 32.Bxe4 dxe4 33.Qxa5 $1 Rxf2+ 34.Kg1 Qxd4 35.Qg5+ Kh7 36.Qh5+ {with perpetual check.} ) 32.Rxa5 ( 32.exd5 Qxd4 {is also winning for Black.} ) 32...Re2 $1 {[%c_effect e2;square;e2;type;GreatFind;persistent;true] with a decisive advantage.} ) 31...Rb1 32.Qd2 Qc6 $1 {[%c_effect c6;square;c6;type;GreatFind;persistent;true] Mate on the h-file is inevitable.} 33.e4 Qg6 $1 34.Ra8+ ( 34.exf5 Qh5+ 35.Bh3 Qxh3# ) 34...Kg7 {A very good performance by Kosteniuk. The control of the b-file in an exotic pawn structure, the h6-g5 advance, and the mating combination using the h-file make this a very didactic game.} 0-1

[Event "E Women's Grand Prix | Fourth Leg 2022/23"]
[Site "Chess.com"]
[Date "2023.05.23"]
[Round "7"]
[White "Kosteniuk, Alexandra"]
[Black "Assaubayeva, Bibissara"]
[Result "0-1"]
[WhiteElo "2535"]
[BlackElo "2464"]
[ECO "B31"]
[EventDate "2023.??.??"]
[Annotator "rafael"]
[PlyCount "74"]
[Beauty "7837912669212"]
[EventType "swiss"]
[EventRounds "11"]
[EventCountry "FID"]
[TimeControl "5400+30"]

1.e4 c5 2.Nf3 Nc6 3.Bb5 g6 4.O-O Bg7 5.c3 e5 6.d4 cxd4 7.cxd4 exd4 8.Na3 $6 ( 8.Bf4 $1 {[%c_effect f4;square;f4;type;GreatFind;persistent;true] is considered the best move, with the idea of placing the bishop on d6 quickly. Kosteniuk probably got her preparation confused and will get a difficult position in a few moves.} ) 8...Nge7 9.Bf4 a6 ( 9...O-O 10.Bd6 {Transposes to a known position.} ) ( 9...d5 {is also possible. White has to prove the compensation for the pawn after} 10.exd5 Qxd5 11.Bc4 Qf5 ) 10.Bc4 $2 ( 10.Bd6 $1 {[%c_effect d6;square;d6;type;GreatFind;persistent;true] This surprising piece sacrifice forces a transposition to the main lines, as capturing the bishop on b5 is too dangerous.} 10...O-O ( 10...axb5 $2 11.Nxb5 Ra5 ( 11...O-O $2 12.Bc7 Qe8 13.Nd6 {traps the queen.} ) 12.a4 $1 ( 12.Bc7 Rxb5 13.Bxd8 Nxd8 {Black gets three pieces for the queen.} ) 12...Qb6 13.Qd3 O-O 14.b4 Ra8 15.Rfc1 {The computer is very happy with White's position, despite being a whole piece down for the moment. Black's pieces can barely move.} ) 11.Bc4 b5 12.Bb3 {Transposing to a position that is known by theory.} ) 10...d6 ( 10...d5 $1 {[%c_effect d5;square;d5;type;GreatFind;persistent;true] is even better. White doesn't have enough compensation for the pawn after} 11.exd5 Nxd5 ) 11.Ng5 $2 {[%c_effect g5;square;g5;type;Mistake;persistent;true] This premature attack is going to be refuted. It's better to try to capture one of the pawns on the d-file.} ( 11.Nc2 O-O 12.Ncxd4 Nxd4 13.Nxd4 d5 14.exd5 Nxd5 {Material is equal, but Black will get the bishop pair and is clearly better.} ) ( 11.Bb3 {is the best chance:} 11...O-O 12.Nc4 ( 12.Nc2 Bg4 {with the advantage.} ) 12...d5 13.Nd6 Be6 14.Nxb7 Qb6 15.Nd6 {with a slight advantage for Black.} ) 11...O-O 12.Qb3 {The f7-pawn is attacked, but Assaubayeva finds a good defense.} 12...d5 $1 13.Bxd5 Nxd5 14.exd5 Ne7 ( 14...Na5 15.Qf3 b5 {is also better for Black.} ) 15.d6 {It's crazy to think that all this has been played before. I doubt any of the players knew about it, judging by the time they spent to get here.} 15...Nf5 ( 15...Nc6 {is less accurate, although Black was also better after} 16.Rfe1 Qf6 {in Paksa-Mann, Hungary 1998.} ) 16.Qd5 $6 ( 16.Ne4 {is better, but Wwhite's position remains difficult after} 16...h6 {avoiding Bf4-g5. Black has the bishop pair, White's knights are not well placed, and the d6-pawn will probably fall sooner or later.} ) 16...h6 17.Ne4 g5 $1 18.Bd2 Rb8 {The best practical choice, as the d6-pawn is lost.} ( 18...Be6 {is also very good:} 19.Qxb7 Nxd6 20.Nxd6 Qxd6 {Black has so many positional trumps that it's safe to say that the position is winning. The tactical justification is} 21.Bb4 Qb8 $1 ) 19.Rfe1 Be6 20.Qa5 ( 20.Qc5 {doesn't change the evaluation.} 20...b6 21.Qc6 d3 {opening the diagonal for the bishop and preparing a knight jump to d4.} ) 20...Nxd6 21.Nxd6 Qxd6 {Black has the bishop pair and is a pawn up. To makes thing worse, it's a passed and well-protected pawn. White is lost, and Assaubayeva wins confidently.} 22.h4 g4 23.Bb4 Qd8 $1 24.Qh5 Re8 25.Nc2 Rc8 26.Rec1 Qf6 27.Ne1 Rcd8 28.Qa5 Qxh4 29.Rc5 g3 30.fxg3 Qxg3 31.Nf3 d3 32.Be1 Qd6 33.Rh5 Bg4 34.Rh2 b6 35.Qa4 Bxf3 36.gxf3 Rxe1+ $1 {[%c_effect e1;square;e1;type;GreatFind;persistent;true] A nice final combination.} 37.Rxe1 Qg3+ 0-1

[Event "E Women's Grand Prix | Fourth Leg 2022/23"]
[Site "Chess.com"]
[Date "2023.05.24"]
[Round "8"]
[White "Assaubayeva, Bibissara"]
[Black "Khotenashvili, Bela"]
[Result "1-0"]
[WhiteElo "2464"]
[BlackElo "2478"]
[ECO "D87"]
[EventDate "2023.??.??"]
[Annotator "rafael"]
[PlyCount "83"]
[Beauty "7561826799675"]
[EventType "swiss"]
[EventRounds "11"]
[EventCountry "FID"]
[TimeControl "5400+30"]

1.d4 Nf6 2.c4 g6 3.Nc3 d5 4.cxd5 Nxd5 5.e4 Nxc3 6.bxc3 Bg7 7.Bc4 c5 8.Ne2 O-O 9.O-O Qc7 {A rare and dubious move.} ( 9...Nc6 10.Be3 b6 {Nowadays this is the main line.} ( 10...Bg4 {When I was a kid, almost everyone played this move.} ) ) 10.Bf4 $1 {[%c_effect f4;square;f4;type;GreatFind;persistent;true] This is the problem. Since 10...e5 is not good for Black, the move 10...Qc7 doesn't make much sense.} 10...Qa5 ( 10...e5 $6 11.dxe5 Bxe5 12.Bxe5 Qxe5 13.Bd5 Nd7 14.f4 {led to a clear advantage for White in Pantzar-Fedoseev, Titled Tuesday 2020. After the exchange of dark-squared bishops, Black's king is very unsafe.} ) 11.Rb1 {Threatening 12.Rb5, winning a pawn.} 11...Nd7 12.Qd2 $6 {[%c_effect d2;square;d2;type;Inaccuracy;persistent;true] A new move. I don't like it because now Black can exchange queens, which brings some relief to her position.} ( 12.Rb5 {was played in a correspondence game in which White eventually won.} 12...Qd8 13.Qd2 b6 14.Rbb1 Bb7 15.e5 e6 16.f3 Qc7 17.Bd3 a6 18.h4 $1 {[%c_effect h4;square;h4;type;GreatFind;persistent;true] with the idea of playing h4-h5 with strong pressure in Molzahn-Hempel ICCF email 2018.} ) 12...a6 $6 ( 12...cxd4 $1 {[%c_effect d4;square;d4;type;GreatFind;persistent;true] Black should have seized the chance to exchange queens.} 13.cxd4 Qxd2 14.Bxd2 Nb6 {Black has good chances of equalizing.} ) 13.Qe3 $1 {[%c_effect e3;square;e3;type;GreatFind;persistent;true] It's difficult for Black to complete the development, and her pieces are not well coordinated.} 13...Nb6 ( 13...e5 {leads to a winning attack for White after} 14.Bxe5 Nxe5 15.dxe5 Bxe5 16.f4 Bg7 17.f5 $1 ) ( 13...cxd4 14.cxd4 e5 15.dxe5 Nxe5 16.Bd5 {is also much better for White.} ) ( 13...Re8 {Maybe this is the best move, but it's clear that the position is bad.} ) 14.Bb3 ( 14.Bc7 $2 {[%c_effect c7;square;c7;type;Mistake;persistent;true] is bad:} 14...Nxc4 $1 ) ( 14.Bxf7+ {This move wins a pawn, but of course, White doesn't want to exchange queens.} 14...Rxf7 15.Bc7 Nc4 16.Bxa5 Nxe3 17.fxe3 b5 ) 14...c4 {The justification of the previous move, but surrendering the center is not positionally desirable.} 15.Bc2 Nd7 ( 15...Qxa2 16.Qd2 Nd7 17.Ra1 Qb2 18.Rfb1 {loses the queen.} ) 16.Bh6 $1 {[%c_effect h6;square;h6;type;GreatFind;persistent;true] White has many tempting continuations, but I like the move played in the game because it has a clear idea and makes it easier to play. Assaubayeva wants to exchange bishops and play f4-f5 with a mating attack.} ( 16.e5 Nb6 ( 16...Qxa2 17.Be4 ) 17.Be4 Nd5 18.Bxd5 Qxd5 19.Bh6 {with the idea of playing Nf4 and advancing the d-pawn, with a clear advantage.} ) ( 16.a4 e5 17.Bg3 {Followed by f2-f4, with strong pressure.} ) 16...Qxa2 17.Bxg7 Kxg7 18.Rbc1 $1 {[%c_effect c1;square;c1;type;GreatFind;persistent;true] Simple and effective. Black is underdeveloped, and the queen is out of play.} 18...b5 19.f4 $1 {[%c_effect f4;square;f4;type;GreatFind;persistent;true] The attack on the dark squares is decisive.} 19...Rb8 20.f5 b4 {A desperate attempt to get some counterplay.} 21.cxb4 Qb2 22.e5 Bb7 {There are many winning moves for White now.} 23.Ba4 {A nice move, attacking the knight and trapping the queen.} ( 23.Nf4 {brings the knight to the attack.} ) ( 23.Rf4 {brings the rook to the attack, as Rh4 is coming.} ) ( 23.Rf2 {Prepares to double rooks on the f-file.} ) ( 23.h4 {Prepares h5, breaking the king's protection.} ) 23...Nb6 24.Rb1 $1 Qa2 25.Ra1 Qb2 26.Rfb1 {Black has no compensation for the queen, and the attack continues.} 26...c3 27.Rxb2 cxb2 28.Rb1 Nxa4 29.Nc3 Nxc3 30.f6+ $1 exf6 31.exf6+ Kh8 ( 31...Kxf6 32.Qe5# ) 32.Qxc3 Rbc8 33.Qxb2 {The rest is simple.} 33...Rc6 34.Rc1 Rd6 ( 34...Rxf6 35.d5 Kg7 36.Rf1 {wins the rook.} ) 35.Qf2 g5 36.Rc7 Be4 37.Qg3 Rdd8 38.Re7 Bg6 39.Qxg5 Rg8 40.Qh6 Rd6 ( 40...Rxd4 41.Re8 $1 Rxe8 42.Qg7# ) 41.Qf4 Rb6 42.d5 1-0

[Event "E Women's Grand Prix | Fourth Leg 2022/23"]
[Site "Chess.com"]
[Date "2023.05.25"]
[Round "9"]
[White "Khotenashvili, Bela"]
[Black "Goryachkina, Aleksandra"]
[Result "1-0"]
[WhiteElo "2478"]
[BlackElo "2571"]
[ECO "D79"]
[EventDate "2023.??.??"]
[Annotator "rafael"]
[PlyCount "171"]
[Beauty "5087585899538"]
[EventType "swiss"]
[EventRounds "11"]
[EventCountry "FID"]
[TimeControl "5400+30"]

1.Nf3 d5 2.g3 g6 3.Bg2 Bg7 4.d4 Nf6 5.c4 c6 6.O-O O-O 7.a4 {Only the eighth most popular move in this well-known position.} 7...a5 {A natural reaction, fixing the queenside. The b4-square is weakened, but White has an idea:} 8.cxd5 $1 {[%c_effect d5;square;d5;type;GreatFind;persistent;true] Now if Black captures with the pawn, White gets the b5-square. If she captures with the knight, then White gets the center.} 8...cxd5 $1 {[%c_effect d5;square;d5;type;GreatFind;persistent;true] The most accurate. White has more chances to fight for an advantage after the capture with the knight.} ( 8...Nxd5 9.e4 Nb4 10.Nc3 Bg4 11.Be3 {with a slightly better position for White in Mamedyarov-Rapport, Aimchess 2022.} ) 9.Nc3 Nc6 10.Qb3 {A critical position.} 10...Bg4 {A new move, sacrificing the b7-pawn.} ( 10...Bf5 {is probably a better version of the pawn sacrifice.} 11.Qxb7 Nb4 12.Bf4 Rc8 $1 ( 12...Nh5 13.Qc7 $1 {[%c_effect c7;square;c7;type;GreatFind;persistent;true] White manages to exchange queens with a slight advantage.} ) 13.Nb5 Rc2 {with compensation in Mishra-Hakobyan, Spice Cup op 2022.} ) ( 10...Nb4 {is also possible:} 11.Na2 ( 11.Nb5 {is better.} ) 11...Nxa2 12.Qxa2 Qb6 {with a good position for Black in Giri-Duda, Chess.com (blitz) 2021.} ) 11.Qxb7 {White accepts the challenge.} 11...Nb4 12.Bf4 {Necessary to avoid 12...Rb8.} 12...Nh5 13.Bc7 $6 {[%c_effect c7;square;c7;type;Inaccuracy;persistent;true] White can look for an improvement at this point. Both 13.Qc7 and 13.Be5 are likely better.} ( 13.Qc7 {Exchanging queens is a relief for White.} ) ( 13.Be5 $5 ) 13...Qd7 14.Nb5 {A strange situation has occurred. White is a pawn up, but his pieces are clumsy on the queenside. What should Black do $2} 14...Ra6 $2 {[%c_effect a6;square;a6;type;Mistake;persistent;true] The beginning of a wrong plan.} ( 14...Bxf3 {This move avoids a possible knight jump to e5.} 15.Bxf3 Nf6 16.Rfc1 h5 $5 {[%c_effect h5;square;h5;type;Interesting;persistent;true] Black can calmly start some counterplay on the kingside. If the players don't know what to do, there's always a repetition at hand with} 17.Qb6 Ra6 18.Qb7 Raa8 ) ( 14...Bf6 $5 {[%c_effect f6;square;f6;type;Interesting;persistent;true] This is a curious suggestion by the computer. The idea is to play Ng7-e6.} ) 15.Rfc1 Rfa8 {The idea is Nc6-d8, but Black is not in time.} 16.Rc5 $1 Qe8 ( 16...Nc6 $2 {[%c_effect c6;square;c6;type;Mistake;persistent;true] doesn't work now:} 17.Rac1 Nd8 18.Qxd5 ) ( 16...e6 17.e4 $1 {[%c_effect e4;square;e4;type;GreatFind;persistent;true] with the advantage.} ) 17.Bxa5 $5 {[%c_effect a5;square;a5;type;Interesting;persistent;true] A nice move, leading to an endgame a pawn up for White.} ( 17.Be5 $1 {[%c_effect e5;square;e5;type;GreatFind;persistent;true] might be even better, threatening 18.Nc7.} ) 17...Rxa5 18.Nc7 Qd7 19.Qxb4 Rxa4 20.Rxa4 Rxa4 21.Qb8+ Bf8 22.Rc1 Bxf3 $6 ( 22...Rc4 $1 {[%c_effect c4;square;c4;type;GreatFind;persistent;true] gives better defensive chances after} 23.Rxc4 dxc4 24.Nb5 Nf6 ) 23.Bxf3 Qd6 ( 23...Rxd4 $2 24.Nxd5 $1 Rxd5 25.Bxd5 Qxd5 26.Rc8 {winning material.} ) ( 23...Nf6 24.Nxd5 $1 Nxd5 25.Rc8 ) 24.Bxh5 gxh5 25.e3 {White has a technically winning position, but chess is never easy.} 25...Rb4 26.Qa8 Rc4 ( 26...Rxb2 27.Nxd5 ) 27.Rxc4 dxc4 28.Nb5 ( 28.Nd5 $1 {[%c_effect d5;square;d5;type;GreatFind;persistent;true] is more accurate.} ) 28...Qb4 29.Qc6 e6 ( 29...Qxb2 30.Qxc4 h4 $1 {[%c_effect h4;square;h4;type;GreatFind;persistent;true] gives better practical chances, although White eventually should win after} 31.gxh4 Qb1+ 32.Qf1 ) 30.h4 $1 {[%c_effect h4;square;h4;type;GreatFind;persistent;true] Fixing the pawn structure and avoiding h5-h4 once and for all.} 30...Qb3 31.Kg2 Qc2 32.Nc3 ( 32.Nc7 {is also good.} 32...Qxb2 33.Qxc4 ) 32...Qxb2 33.Ne4 $1 {[%c_effect e4;square;e4;type;GreatFind;persistent;true] Threatening 34.Nf6+. This is much better than} ( 33.Qxc4 $6 Qc2 $1 {[%c_effect c2;square;c2;type;GreatFind;persistent;true] with an unpleasant pin.} ) 33...Kg7 ( 33...Qc2 {Black is not in time to defend the c-pawn.} 34.Nf6+ Kg7 35.Nxh5+ Kg8 36.Nf6+ Kg7 37.Nd7 c3 38.Ne5 {The attack on f7 decides the game.} ) 34.Qxc4 {The endgame is winning because apart from the pawn advantage, the h5-pawn is very weak.} 34...Qb7 35.f3 $6 ( 35.d5 $1 {[%c_effect d5;square;d5;type;GreatFind;persistent;true] is better:} 35...Qxd5 ( 35...exd5 36.Qd4+ ) 36.Qxd5 exd5 37.Nc3 {The d-pawn is captured, and then the knight goes to f4, winning the h5-pawn or rendering the king on h6 useless.} ) 35...Qb2+ 36.Nf2 Qd2 37.Qd3 Qe1 38.e4 $6 ( 38.Ne4 $1 ) 38...Bd6 39.f4 $6 ( 39.e5 $1 Bb4 40.Ne4 ) 39...Bb4 $1 {[%c_effect b4;square;b4;type;GreatFind;persistent;true] After a series of inaccuracies on White's part, suddenly Black gets drawing chances.} 40.Qb5 Qd2 ( 40...Bd2 {is also interesting.} ) 41.Qe5+ Kg8 42.f5 exf5 43.exf5 h6 44.f6 Bf8 45.Qe4 Qb2 46.Qd3 Bb4 47.Kf3 Qc1 $2 {[%c_effect c1;square;c1;type;Mistake;persistent;true] This allows the d-pawn to advance, and the position becomes hopeless again.} ( 47...Qa1 $1 {[%c_effect a1;square;a1;type;GreatFind;persistent;true] Gives serious drawing chances, as it's not easy to advance the pawn.} ) 48.d5 $1 {[%c_effect d5;square;d5;type;GreatFind;persistent;true] Passed pawns must be pushed, a wise chess author once said.} 48...Qa1 49.Ne4 Qh1+ 50.Kf4 Qc1+ 51.Ke5 Qa1+ 52.Kf5 {The checks are over.} 52...Qa5 53.Qc4 Bf8 54.Kf4 Qa3 55.Qc6 Qa1 56.d6 Qf1+ 57.Ke5 Qa1+ 58.Qc3 Qa4 59.Qd3 {The position is totally winning, and Khotenashvili plays patiently and precisely.} 59...Qd7 60.Qd5 Qe8+ 61.Kf4 Qd7 62.Kf3 Qg4+ 63.Kf2 Qd7 64.Ke3 Qa7+ 65.Qd4 Qd7 66.Qd5 Qa7+ 67.Kf3 Qa3+ 68.Ke2 Qb2+ 69.Ke3 Qa3+ 70.Qd3 Qa7+ 71.Kf3 Qd7 72.Kg2 Kh8 73.Qd5 {The h5-pawn is captured.} 73...Kg8 74.Qxh5 Qe6 75.Qf3 Qa2+ 76.Kh3 Qd5 77.Qf4 Kh7 78.Kh2 Kh8 79.Qg4 Qa2+ 80.Kh3 Qd5 81.h5 Kh7 82.d7 Kh8 83.Nf2 {A nice retreat with the idea of playing 84.Qd1.} 83...Qa5 84.Qd1 Qd8 85.Qd4 Kg8 86.Nd3 1-0